 Dungeon Crawl Stone Soup version 0.28-a0-1084-ga282ea2 (webtiles) character file.

Game seed: 15366692545024622242

61 HDogLeCool the Skirmisher (level 4, 23/49 HPs)
             Began as an Ogre Fighter on Dec 10, 2021.
             Was an Initiate of Ashenzari.
             Quit the game on level 3 of the Dungeon.
             The game lasted 00:03:41 (2251 turns).

HDogLeCool the Skirmisher (Ogre Fighter)            Turns: 2251, Time: 00:03:42

Health: 23/49      AC:  3    Str: 22    XL:     4   Next: 7%
Magic:  4/4        EV:  8    Int:  9    God:    Ashenzari [......]
Gold:   116        SH:  7    Dex:  8    Spells: 3/3 levels left

rFire   . . .      SeeInvis .   a - +0 war axe
rCold   . . .      Faith    .   c - +0 kite shield
rNeg    . . .      Spirit   .   b - +0 robe
rPois   .          Reflect  .   (helmet restricted)
rElec   .          Harm     .   (no cloak)
rCorr   +          Rampage  .   (gloves unavailable)
Will    .....                   (boots unavailable)
Stlth   +.........              m - amulet of the acrobat
HPRegen 0.16/turn               o - ring of resist corrosion
MPRegen 0.09/turn               (no ring)

@: mildly poisoned (23 -> 22)
A: large, unfitting armour, tough skin 1
a: Renounce Religion, Curse Item


You were on level 3 of the Dungeon.
You worshipped Ashenzari.
Ashenzari was noncommittal.
You visited 1 branch of the dungeon, and saw 3 of its levels.

You collected 116 gold pieces.

Inventory:

Hand Weapons
 a - a +0 war axe (weapon)
Missiles
 g - 2 atropa-tipped darts (quivered)
Armour
 b - a +0 robe (worn)
 c - a +0 kite shield (worn)
Jewellery
 m - an amulet of the acrobat (around neck)
 o - a ring of resist corrosion (left hand)
Scrolls
 e - a scroll of amnesia {unknown}
 f - a scroll of noise {unknown}
 i - a scroll of immolation {unknown}
 j - a scroll of vulnerability {unknown}
 k - a scroll of identify {unknown}
 n - a scroll of teleportation {unknown}
Potions
 d - a potion of might
 h - 2 potions of flight {unknown}
 l - a potion of berserk rage {unknown}


   Skills:
 + Level 4.6 Fighting
 * Level 3.0 Axes
 - Level 2.6 Dodging
 * Level 3.4 Shields


You had 3 spell levels left.
You didn't know any spells.
Your spell library contained the following spells:

 Spells                   Type           Power      Damage    Failure   Level
 Portal Projectile        Hex/Tloc       0%         N/A       98%         3
 Blade Hands              Tmut           0%         N/A       100%        5
 Excruciating Wounds      Necr           0%         N/A       100%        5


Dungeon Overview and Level Annotations

Branches:
Dungeon (3/15)

Altars:
Ashenzari


Innate Abilities, Weirdness & Mutations

You are too large for most types of armour.
You have tough skin. (AC +1)


Message History

You are poisoned.
The adder poisons you!
You closely miss the adder.
The adder is lightly wounded.
You feel very sick. The adder bites you but does no damage.
You block the adder's attack.
You barely miss the adder.
The adder is lightly wounded.
You feel sick. The adder barely misses you. The adder bites you.
You completely miss the adder.
The adder is lightly wounded.
You feel sick. You block the adder's attack. The adder completely misses you.
You completely miss the adder.
The adder is lightly wounded.
You feel sick. You block the adder's attack. x2
You slash the adder!
The adder is almost dead.
You feel sick.
You are no longer poisoned.
The adder bites you. You block the adder's attack.
You closely miss the adder.
The adder is almost dead.
The adder bites you.
You are poisoned.
The adder poisons you! The adder barely misses you.
You barely miss the adder.
The adder is almost dead.
You feel sick. The adder bites you. The adder barely misses you.
You closely miss the adder.
The adder is almost dead.
You feel sick. The adder bites you. The adder bites you but does no damage.
You are too injured to fight recklessly!
You are too injured to fight recklessly!
You are too injured to fight recklessly!
You are too injured to fight recklessly!
You are too injured to fight recklessly!
You are too injured to fight recklessly!
You are too injured to fight recklessly!
You are too injured to fight recklessly!
Are you sure you want to abandon this character and quit the game? (Confirm with "yes".)

#...# ...# #...####...
#...##... #...##.#
#......# #......#
#...##.### #...##...#
##@.####.# ......S.##
#.#### #####
........#####....###....
...................#.>..
.....[..########........
###.....##..######)....#
###.#.......#######...
..####..........#.##
##....####....#


You could see an adder.

Vanquished Creatures
  An adder (D:2)
  3 ball pythons
  7 bats
  4 endoplasms
  4 giant cockroaches
  8 hobgoblins
  4 jackals
  2 quokkas
  3 frilled lizards (D:1)
  5 goblins
  A kobold (D:1)
  3 rats
45 creatures vanquished.

Vanquished Creatures (others)
  A fungus (D:2)
  2 plants (D:2)
3 creatures vanquished.

Grand Total: 48 creatures vanquished

Notes
Turn   | Place    | Note
-------+----------+-------------------------------------------
     0 | D:1      | HDogLeCool the Ogre Fighter began the quest for the Orb.
     0 | D:1      | Reached XP level 1. HP: 24/24 MP: 1/1
   100 | D:1      | Reached XP level 2. HP: 26/32 MP: 2/2
   732 | D:1      | Reached XP level 3. HP: 39/40 MP: 3/3
  1729 | D:2      | Found a faded altar of an unknown god.
  1741 | D:2      | Prayed at the altar of an unknown god.
  1741 | D:2      | Became a worshipper of Ashenzari the Shackled
  2044 | D:3      | Reached XP level 4. HP: 48/49 MP: 4/4
  2251 | D:3      | Quit the game

Illustrated notes

Levels and vault maps discovered:
D:1:      onia_arrival_pentagram, layout_loops_ring, serial_rivers,
          chequers_serial_rivers_large_a, chequers_serial_rivers_micro_d,
          chequers_serial_rivers_small_a, chequers_serial_rivers_room_b,
          chequers_serial_rivers_small_b, chequers_serial_rivers_micro_c,
          minmay_misc_feat_nine_boxes
D:2:      layout_rooms, dreamdust_ecumenical_altar_hidden_monk_grotto
D:3:      layout_rooms, ashenzari_conservatory_becter, nrook_uturn

Skill      XL: |  1  2  3 |
---------------+----------+-----
Shields        | 3 |  3.4
Axes           | 3 |  3.0
Fighting       | |  4.6
Dodging        | |  2.6

Action                   |  1- 3 |  4- 6 || total
-------------------------+-------+-------++-------
Melee: War axe           |   108 |    28 ||   136
Armor: Robe              |    32 |    11 ||    43
Dodge: Dodged            |    54 |    16 ||    70
Block: Kite shield       |    45 |    20 ||    65

Table legend: (Time is in decaauts)
 A = Elapsed time spent in this place.
 B = Non-inter-level travel time spent in this place.
 C = Inter-level travel time spent in this place.
 D = Time resting spent in this place.
 E = Time spent auto-exploring this place.
 F = Levels seen in this place.
 G = Mean time per level.
                   A        B        C        D        E       F      G
               +--------+--------+--------+--------+--------+-----+--------+
         Total |   2348 |   2325 |     23 |    544 |   1371 |   3 |  782.7 |
       Dungeon |   2348 |   2325 |     23 |    544 |   1371 |   3 |  782.7 |
               +--------+--------+--------+--------+--------+-----+--------+

Top non-repeatable levels by time:
     D:1: 1129 daAuts
     D:2: 933 daAuts
     D:3: 284 daAuts
